AoeStats
← hoisan

Arena

506719740Analyzed
4v4 RM · 19d ago on Sep 14, 2026· 89m 22s· 8 players
Game mode
Random Map
Map size
Large (8 player)
Population
200
Speed
Normal
Resources
Standard
Victory
Conquest
Starting age
Dark Age
Ending age
Imperial Age
RankedLock teamsTeams togetherTeam positionsShared explorationLock speedFull tech treeHidden civsTurbo modeCheats
Victory
Defeat
🇧🇷 Bohemians · Brazil
902
+13
🇺🇸 Britons · United States
887
+13
🇩🇪 Persians · Germany
856
+15
🇦🇺 Spanish · Australia
801
+17
🇹🇷 Berbers · Türkiye
905
-18
🇹🇷 Franks · Türkiye
872
-16
🇹🇷 Goths · Türkiye
791
-13
🇹🇷 Britons · Türkiye
734
-11
keager241
0:30 Loom
12:39 Feudal Age
14:00 Wheelbarrow
13:33 Horse Collar
14:02 Double-Bit Axe
19:08 Castle Age
20:53 Bow Saw
20:54 Heavy Plow
24:56 Pikeman
27:00 Gambesons
28:00 Squires
28:47 Arson
29:28 Ballistics
30:08 Husbandry
30:06 Crossbowman
30:08 Elite Skirmisher
31:41 Hand Cart
35:29 Imperial Age
33:14 Murder Holes
34:52 Gold Mining
35:39 Elite Longbowman
36:40 Yeomen
36:23 Warwolf
36:45 Conscription
36:14 Arbalester
36:34 Halberdier
40:51 Fletching
41:01 Padded Archer Armor
41:34 Bodkin Arrow
42:28 Leather Archer Armor
43:30 Chemistry
43:51 Two-Man Saw
42:52 Bracer
44:25 Ring Archer Armor
44:11 Forging
44:01 Scale Mail Armor
46:29 Cavalier
48:53 Iron Casting
48:33 Chain Mail Armor
48:26 Scale Barding Armor
53:49 Blast Furnace
53:20 Plate Mail Armor
60:58 Gold Shaft Mining
69:52 Chain Barding Armor
Hellmut
11:33 Feudal Age
12:43 Wheelbarrow
16:41 Castle Age
14:56 Horse Collar
15:14 Double-Bit Axe
15:46 Gold Mining
19:45 Bow Saw
24:10 Forging
31:35 Caravan
31:26 Loom
32:02 Scale Barding Armor
33:10 Kamandaran
35:33 Gold Shaft Mining
35:22 Hand Cart
37:47 Imperial Age
35:37 Hand Cart
36:08 Iron Casting
36:31 Town Watch
37:33 Bloodlines
37:25 Husbandry
38:33 Conscription
38:35 Citadels
37:52 Elite War Elephant
38:19 Pikeman
39:06 Crossbowman
39:52 Thumb Ring
41:26 Blast Furnace
42:24 Heavy Plow
44:29 Fletching
45:03 Chain Barding Armor
44:44 Padded Archer Armor
44:53 Stone Mining
45:11 Halberdier
45:53 Squires
45:38 Arson
46:00 Scale Mail Armor
45:56 Bodkin Arrow
58:44 Chain Mail Armor
59:10 Plate Barding Armor
58:40 Man-at-Arms
60:49 Long Swordsman
64:28 Town Patrol
64:46 Chain Mail Armor
67:55 Murder Holes
68:11 Masonry
69:04 Chemistry
72:30 Hoardings
carlosauberto
0:28 Loom
11:36 Feudal Age
13:25 Wheelbarrow
12:41 Double-Bit Axe
12:43 Horse Collar
22:10 Castle Age
22:44 Fletching
22:54 Padded Archer Armor
23:28 Bodkin Arrow
23:38 Heavy Plow
23:54 Bow Saw
25:42 Fervor
26:39 Murder Holes
29:49 Hand Cart
31:12 Chemistry
30:23 Fortified Wall
40:19 Imperial Age
40:42 Elite Hussite Wagon
42:13 Bombard Tower
42:13 Ballistics
41:39 Arrowslits
43:01 Two-Man Saw
45:13 Onager
45:21 Pikeman
46:01 Squires
45:46 Arson
47:38 Halberdier
49:01 Leather Archer Armor
48:56 Forging
48:46 Scale Mail Armor
50:56 Elite Hussite Wagon
53:40 Bracer
54:10 Ring Archer Armor
53:50 Forging
53:55 Chain Mail Armor
54:54 Atonement
55:19 Illumination
55:09 Block Printing
55:48 Chain Mail Armor
56:08 Iron Casting
59:16 Houfnice
61:54 Ring Archer Armor
62:25 Blast Furnace
63:47 Heavy Scorpion
67:43 Hussite Reforms
67:44 Wagenburg Tactics
67:59 Conscription
67:10 Sappers
70:37 Scale Barding Armor
70:48 Town Watch
71:24 Devotion
71:45 Sanctity
80:59 Capped Ram
83:34 Guard Tower
83:25 Treadmill Crane
83:55 Masonry
83:56 Clinker Construction
MachTerran
4:08 Loom
11:52 Feudal Age
15:39 Castle Age
21:01 Double-Bit Axe
24:09 Horse Collar
32:19 Fletching
32:29 Padded Archer Armor
36:25 Wheelbarrow
37:55 Husbandry
40:14 Bloodlines
59:23 Bow Saw
63:09 Hand Cart
68:26 Gold Mining
69:02 Heavy Plow
76:02 Imperial Age
73:33 Pikeman
74:55 Hand Cart
79:10 Squires
79:53 Ballistics
80:52 Forging
80:43 Scale Mail Armor
80:49 Scale Barding Armor
80:59 Leather Archer Armor
80:40 Bodkin Arrow
84:00 Imperial Age
82:19 Caravan
84:28 Chain Barding Armor
84:46 Iron Casting
84:26 Chain Mail Armor
84:44 Cavalier
86:06 Elite Skirmisher
86:53 Thumb Ring
89:54 Ring Archer Armor
89:24 Bracer
90:02 Plate Barding Armor
90:28 Blast Furnace
89:59 Plate Mail Armor
hoisan
10:44 Feudal Age
11:12 Double-Bit Axe
12:21 Wheelbarrow
15:58 Horse Collar
17:31 Gold Mining
17:32 Stone Mining
18:24 Stone Mining
22:41 Castle Age
21:19 Padded Archer Armor
21:10 Fletching
23:33 Bow Saw
23:43 Hand Cart
25:20 Heavy Plow
26:01 Gold Shaft Mining
36:47 Crossbowman
40:04 Imperial Age
38:30 Ballistics
38:30 Leather Archer Armor
38:11 Bodkin Arrow
39:49 Yeomen
41:17 Heavy Scorpion
42:49 Elite Genitour
55:29 Pikeman
lokmanhekim02
7:40 Loom
10:21 Feudal Age
17:27 Castle Age
17:05 Gold Mining
17:02 Double-Bit Axe
23:13 Town Watch
28:50 Wheelbarrow
29:49 Bow Saw
33:41 Imperial Age
32:40 Husbandry
32:54 Town Patrol
33:20 Hand Cart
33:05 Town Patrol
34:20 Capped Ram
35:55 Scale Barding Armor
37:17 Cavalier
38:47 Paladin
42:57 Pikeman
47:43 Ballistics
48:23 Chemistry
48:18 Chain Barding Armor
48:08 Forging
51:50 Gold Shaft Mining
51:08 Stone Mining
54:06 Iron Casting
54:07 Plate Barding Armor
54:45 Squires
54:14 Halberdier
54:40 Arson
54:21 Halberdier
57:22 Elite Throwing Axeman
68:09 Light Cavalry
68:54 Padded Archer Armor
68:45 Fletching
69:39 Plate Barding Armor
70:04 Blast Furnace
69:40 Chivalry
77:37 Elite Skirmisher
llDraebu
8:40 Loom
11:07 Feudal Age
12:13 Double-Bit Axe
12:09 Horse Collar
16:50 Gold Mining
16:53 Stone Mining
18:32 Wheelbarrow
21:04 Castle Age
19:16 Padded Archer Armor
20:11 Fletching
20:28 Scale Barding Armor
20:34 Forging
23:39 Bow Saw
23:29 Heavy Plow
24:05 Gold Shaft Mining
23:59 Bloodlines
31:50 Leather Archer Armor
33:40 Thumb Ring
34:23 Bodkin Arrow
38:40 Imperial Age
40:01 Ring Archer Armor
39:32 Bracer
39:35 Elite Genitour
43:26 Chemistry
42:56 Ballistics
44:46 Conscription
43:47 Elite Camel Archer
45:18 Kasbah
45:44 Chain Barding Armor
46:00 Iron Casting
45:46 Husbandry
51:04 Plate Barding Armor
51:29 Blast Furnace
49:52 Light Cavalry
49:53 Cavalier
49:53 Heavy Camel Rider
51:22 Hussar
57:00 Treadmill Crane
Gus Fring9629
6:36 Loom
11:48 Feudal Age
12:56 Double-Bit Axe
13:49 Horse Collar
20:45 Castle Age
20:36 Scale Mail Armor
21:51 Squires
23:06 Gold Mining
25:03 Pikeman
27:39 Stone Mining
33:54 Imperial Age
31:53 Bow Saw
31:48 Heavy Plow
32:50 Anarchy
35:49 Crop Rotation
43:59 Forging
44:04 Chain Mail Armor
43:17 Halberdier
44:59 Elite Huskarl
46:17 Iron Casting
51:17 Blast Furnace
55:58 Two-Man Saw
55:50 Perfusion
58:36 Conscription
65:34 Ballistics
66:15 Chemistry
65:13 Murder Holes
Connection lost

Rejoining the realm…

Still unreachable

The connection could not be restored.

Session expired

The server has moved on; the page needs a fresh start.